 Dungeon Crawl Stone Soup version 0.20.0-3-g22ec75f (webtiles) character file.

397 Kosschaser the Sneak (level 6, -1/30 HPs)
             Began as a Vine Stalker Enchanter on May 26, 2017.
             Was an Initiate of Dithmenos.
             Slain by Duvessa
             ... wielding a +0 rapier
              (10 damage)
             ... in the Ecumenical Temple.
             The game lasted 00:18:16 (2662 turns).

Kosschaser the Sneak (Vine Stalker Enchanter)       Turns: 2662, Time: 00:18:17

Health: -1/30      AC:  2    Str: 10    XL:     6   Next: 83%
Magic:  0/11       EV: 13    Int: 15    God:    Dithmenos [......]
Gold:   133        SH:  0    Dex: 17    Spells: 5/11 levels left

rFire    . . .     SeeInvis .   a - +1 dagger
rCold    . . .     Gourm    .   (no shield)
rNeg     . . .     Faith    .   b - +0 robe
rPois    .         Spirit   +   (no helmet)
rElec    .         Reflect  .   (no cloak)
rCorr    .         Harm     .   (no gloves)
MR       .....                  (no boots)
Stlth    +++.......             (no amulet)
Regen    0.5/turn               (no ring)
MPRegen  0.2/turn               (no ring)

@: no status effects
A: fangs 2, regeneration 1, magic shield, antimagic bite, no potion heal 3, rot
immunity
a: Renounce Religion


You were in the Ecumenical Temple.
You worshipped Dithmenos.
Dithmenos was noncommittal.
You were not hungry.

You visited 2 branches of the dungeon, and saw 5 of its levels.

You collected 133 gold pieces.

Inventory:

Hand Weapons
 a - a +1 dagger (weapon)
Armour
 b - a +0 robe (worn)
Scrolls
 g - 2 scrolls of amnesia {unknown}
 h - 2 scrolls of identify {unknown}
 o - a scroll of fear {unknown}
 p - a scroll of enchant weapon {unknown}
Potions
 e - a potion of curing {unknown}
 i - a potion of resistance {unknown}
 j - a potion of berserk rage {unknown}
 k - a potion of lignification {unknown}
 l - 2 potions of flight {unknown}
 r - a potion of mutation {unknown}
Books
 c - a book of Maledictions

   Spells                             Type                      Level
   a - Corona                         Hexes                        1
   b - Ensorcelled Hibernation        Hexes/Ice                    2
   c - Confuse                        Hexes                        3
   d - Tukima's Dance                 Hexes                        3
   e - Dazzling Spray                 Conjuration/Hexes            3
 q - a book of Cantrips

   Spells                             Type                      Level
   a - Confusing Touch                Hexes                        1
   b - Animate Skeleton               Necromancy                   1
   c - Summon Small Mammal            Summoning                    1
   d - Apportation                    Translocation                1
Comestibles
 d - a bread ration
 f - 2 royal jellies
 m - 2 fruits
 n - a meat ration


   Skills:
 + Level 1.5 Fighting
 + Level 2.3 Short Blades
 + Level 2.4 Dodging
 + Level 5.9 Stealth
 + Level 3.0 Spellcasting
 + Level 4.0 Hexes
 + Level 1.5 Ice Magic


You had 5 spell levels left.
You knew the following spells:

 Your Spells              Type           Power        Failure   Level  Hunger
a - Corona                Hex            ##.....      3%          1    #......
b - Ensorcelled Hibernat  Hex/Ice        ##....       10%         2    ##.....
c - Confuse               Hex            ##......     12%         3    ###....


Dungeon Overview and Level Annotations

Branches:
Dungeon (4/15)             Temple (1/1) D:4

Altars:
Ashenzari
Cheibriados
Dithmenos
Elyvilon
Fedhas
Gozag
Hepliaklqana
Kikubaaqudgha
Makhleb
Nemelex Xobeh
Okawaru
Qazlal
Ru
Sif Muna
Trog
Uskayaw
Vehumet
Xom
Yredelemnul
Zin
The Shining One

Annotations:
D:2 Sigmund
D:3 Robin
D:4 Pikel
Temple Duvessa


Innate Abilities, Weirdness & Mutations

You have extremely sharp teeth.
Your natural rate of healing is unusually fast.
When hurt, damage is shared between your health and your magic reserves.
Your bite disrupts and absorbs the magic of your enemies.
Potions cannot restore your health.
You are immune to rotting.


Message History

You kill Dowan!
Dithmenos accepts your kill.
Dithmenos appreciates your extinguishing a source of fire.
Duvessa weeps, then rights herself and shakes her weapon.
Duvessa goes berserk!
Your Hexes skill increases to level 4!
Duvessa barely misses you. Duvessa barely misses you.
You climb downwards.
Welcome back to the Ecumenical Temple!
There is a staircase back to the Dungeon here.
Duvessa completely misses you.
Duvessa rages.
Casting: Ensorcelled Hibernation
Confirm with . or Enter, or press ? or * to list all spells.
You can't see any susceptible monsters within range! (Use Z to cast anyway.) Duvessa hits you with a rapier!
Ouch! That really hurt!
* * * LOW HITPOINT WARNING * * *
Duvessa hits you with a rapier!
You die...

##.## ##.## ##.##
##...###...###...##
#.._....._.....<..#
##...###...###...##
##.## ##.## ##.## #
#.# ### #.# ##
##.## ##.##
.###...## ##e..##
....._..# #.@_..#
.###...## ##...##
## ##.## ##.## #
### ### #.# ##
##.## ##.## .##
##...###...#### ..#
#.._....._..'.##
.##
##...###...##..##
## ##.## ##.####..#


You could see Duvessa (berserk).

Vanquished Creatures
  An ogre (D:4)
  A bullfrog (D:3)
  Dowan (D:4)
  An iguana (Temple)
  2 worker ants (D:4)
  6 adders
  An ooze (D:2)
  3 worms
  2 dart slugs
  2 orcs
  5 bats
  4 giant cockroaches
  13 goblins
  4 hobgoblins
  8 jackals (D:1)
  2 frilled lizards (D:3)
  3 kobolds
  A leopard gecko skeleton (D:4)
  A quokka skeleton (D:4)
  4 rats
65 creatures vanquished.

Notes
Turn   | Place    | Note
-------+----------+-------------------------------------------
     0 | D:1      | Kosschaser the Vine Stalker Enchanter began the quest for the Orb.
     0 | D:1      | Reached XP level 1. HP: 9/9 MP: 4/4
   268 | D:1      | Reached XP level 2. HP: 10/13 MP: 6/6
   272 | D:1      | Learned a level 2 spell: Ensorcelled Hibernation
   416 | D:1      | Reached skill level 1 in Short Blades
   711 | D:1      | Reached skill level 4 in Stealth
  1026 | D:1      | Reached XP level 3. HP: 11/17 MP: 2/7
  1571 | D:2      | Gained mutation: Your natural rate of healing is unusually fast. [Vine Stalker growth]
  1571 | D:2      | Reached XP level 4. HP: 17/21 MP: 6/8
  1662 | D:2      | Learned a level 3 spell: Confuse
  1801 | D:2      | Noticed Sigmund
  1841 | D:3      | Reached skill level 1 in Ice Magic
  1880 | D:3      | Noticed a bullfrog
  1903 | D:3      | Killed a bullfrog
  1903 | D:3      | Reached skill level 1 in Fighting
  1903 | D:3      | Reached skill level 5 in Stealth
  1903 | D:3      | Reached XP level 5. HP: 14/25 MP: 0/10
  2006 | D:3      | Noticed Robin
  2102 | D:4      | Found a staircase to the Ecumenical Temple.
  2110 | Temple   | Entered the Ecumenical Temple
  2213 | Temple   | Became a worshipper of Dithmenos the Shadowed
  2261 | D:4      | Noticed an ogre
  2270 | D:4      | Killed an ogre
  2270 | D:4      | Reached XP level 6. HP: 19/30 MP: 4/11
  2329 | D:4      | Noticed a slave
  2335 | D:4      | Noticed Duvessa
  2336 | D:4      | Noticed Pikel
  2336 | D:4      | Noticed a slave
  2338 | D:4      | Noticed Dowan
  2654 | D:4      | Killed Dowan
  2662 | Temple   | Slain by Duvessa

Skill      XL: |  1  2  3  4  5  6 |
---------------+-------------------+-----
Short Blades   | 1 2 |  2.3
Stealth        | 4 5 |  5.9
Dodging        | 2 |  2.4
Ice Magic      | 1 |  1.5
Fighting       | 1 |  1.5
Spellcasting   | 3 |  3.0
Hexes          | 4 |  4.0

Action                   |  1- 3 |  4- 6 || total
-------------------------+-------+-------++-------
Melee: Dagger            |   118 |    89 ||   207
       Bite              |    22 |    19 ||    41
 Cast: Ensorcelled Hiber |    15 |    18 ||    33
 Stab: Sleeping          |     8 |    15 ||    23
  Eat: Chunk             |     3 |     5 ||     8
Armor: Robe              |    27 |     7 ||    34
Dodge: Dodged            |    94 |    62 ||   156
